 Dungeon Crawl Stone Soup version 0.20.0-15-g7f486f2 (console) character file.

220841 bli the Warrior (level 18, -3/153 HPs)
             Began as a Black Draconian Wanderer on June 14, 2017.
             Was the Champion of Hepliaklqana.
             Shot with a bolt by a naga sharpshooter (11 damage)
             ... on level 4 of the Snake Pit on June 26, 2017.
             The game lasted 07:14:15 (41276 turns).

bli the Warrior (Black Draconian Wanderer)         Turns: 41276, Time: 07:14:16

Health: -3/153     AC: 19    Str: 19    XL:     18   Next: 48%
Magic:  26/26      EV: 28    Int: 15    God:    Hepliaklqana [******]
Gold:   1154       SH: 11    Dex: 25    Spells: 20/28 levels left

rFire    . . .     SeeInvis .   b - +3 eveningstar (holy)
rCold    . . .     Gourm    .   y - +0 buckler of Migiop {+Blink rC- rN+ Regen+}
rNeg     + . .     Faith    .   (armour unavailable)
rPois    .         Spirit   .   N - +2 hat {Int+3}
rElec    +         Reflect  +   f - +2 cloak
rCorr    .         Harm     .   O - +0 pair of gloves
MR       ++...                  P - +2 pair of boots
Stlth    ++++++....             W - +3 amulet of reflection
Regen    0.8/turn               j - ring of Neurosis {rC+ Str+2 Dex+4 Slay+5}
MPRegen  0.2/turn               u - ring of protection from magic

@: lethally poisoned (-3 -> -3), flying, slowed, very slow
A: breathe lightning, unfitting armour, reduced essence, big wings, electricity
resistance, strong 2, cold-blooded, AC +10
}: 1/15 runes: decaying
a: Breathe Lightning, Stop Flying, Recall Ancestor, Ancestor Identity,
Transference, Idealise, Renounce Religion, Evoke Blink


You were on level 4 of the Snake Pit.
You worshipped Hepliaklqana.
Hepliaklqana was exalted by your worship.
You were not hungry.

You visited 10 branches of the dungeon, and saw 36 of its levels.
You also visited: Bailey.

You collected 3981 gold pieces.
You spent 2827 gold pieces at shops.

Inventory:

Hand Weapons
 a - the +7 mace "Ylomem" {drain, *Noise rElec Dex+4}
   (You found it on level 9 of the Dungeon)

   A truly terrible weapon, it drains the life of those it strikes.
   It affects your dexterity (+4).
   It insulates you from electricity.
   It may make noises in combat.
 b - a +3 eveningstar of holy wrath (weapon)
 d - the +2 glaive "Diluf" {speed, rPois}
   (You found it on level 1 of the Snake Pit)

   Attacks with this weapon are significantly faster.
   It protects you from poison.
 e - a +7 dire flail of freezing
Armour
 f - a +2 cloak (worn)
 g - a +3 buckler of protection
 y - the +0 buckler of Migiop (worn) {+Blink rC- rN+ Regen+}
   (You bought it in a shop on level 2 of the Orcish Mines)

   It makes you vulnerable to cold.
   It protects you from negative energy.
   It lets you blink.
   It increases your rate of regeneration.
 N - a +2 hat of intelligence (worn)
 O - a +0 pair of gloves (worn)
 P - a +2 pair of boots (worn)
Magical Staves
 c - an uncursed staff of cold
Jewellery
 j - the ring of Neurosis (left hand) {rC+ Str+2 Dex+4 Slay+5}
   (You bought it in a shop on level 14 of the Dungeon)

   [ring of slaying]

   It affects your strength (+2).
   It affects your dexterity (+4).
   It affects your accuracy and damage with ranged weapons and melee attacks
   (+5).
   It protects you from cold.
 p - an uncursed ring of protection from fire
 s - an uncursed ring of see invisible
 u - a ring of protection from magic (right hand)
 I - an uncursed ring of resist corrosion
 W - a +3 amulet of reflection (around neck)
Wands
 m - a wand of scattershot (2/9)
 o - a wand of random effects (0/48)
 r - a wand of acid (1/15)
 D - a wand of flame (1/48)
 J - a wand of digging (13/24)
 L - a wand of disintegration (4/24)
 T - a wand of iceblast (3/15)
 U - a wand of paralysis (12/24)
 Z - a wand of clouds (0/9)
Scrolls
 k - a scroll of silence
 l - a scroll of torment
 q - 3 scrolls of blinking
 G - 8 scrolls of fog
 M - a scroll of summoning
 Y - 21 scrolls of teleportation
Potions
 h - 10 potions of curing
 n - a potion of berserk rage
 v - 4 potions of ambrosia
 w - 9 potions of might
 x - a potion of resistance
 z - 3 potions of agility
 A - 5 potions of haste
 C - 4 potions of cancellation
 H - 4 potions of heal wounds
 K - 5 potions of lignification
Miscellaneous
 i - a box of beasts
 F - a sack of spiders
 V - a lightning rod (4/4)
 X - a phial of floods
Comestibles
 t - 6 chunks of flesh
 B - a meat ration
 R - 7 royal jellies


   Skills:
 * Level 17.3 Fighting
 + Level 15.6(15.8) Maces & Flails
 - Level 5.1(11.5) Staves
 + Level 15.0 Dodging
 + Level 12.9 Stealth
 + Level 11.0 Shields
 + Level 5.6 Spellcasting
 - Level 4.0 Charms
 - Level 4.0 Translocations
 + Level 3.8 Evocations


You had 20 spell levels left.
You knew the following spells:

 Your Spells              Type           Power        Failure   Level  Hunger
g - Gell's Gravitas       Tloc           ###.......   9%          3    ###....
A - Apportation           Tloc           ###...       3%          1    None
G - Shroud of Golubria    Chrm/Tloc      ###.......   4%          2    #......
S - Song of Slaying       Chrm           ###.....     4%          2    #......


Dungeon Overview and Level Annotations

Branches:
Dungeon (15/15)            Temple (1/1) D:7            Lair (6/6) D:10
  Swamp (4/4) Lair:3        Snake (4/4) Lair:2        Slime (1/5) Lair:5
    Orc (2/2) D:10            Elf (1/3) Orc:2        Vaults (1/5) D:13
 Depths (1/5) D:15

Altars:
Ashenzari
Cheibriados
Dithmenos
Elyvilon
Fedhas
Gozag
Hepliaklqana
Kikubaaqudgha
Makhleb
Nemelex Xobeh
Okawaru
Qazlal
Ru
Sif Muna
Trog
Uskayaw
Vehumet
Xom
Yredelemnul
Zin
The Shining One
Jiyva
Lugonu

Shops:
D:5 *   D:8 *   D:10 ?   D:14 =   Orc:2 =*[(   Snake:3 [([[

Portals:
Trove: D:10 (show slimy rune of Zot)


Innate Abilities, Weirdness & Mutations

You can breathe wild blasts of lightning.
Your glossy black scales are hard. (AC +10)
You cannot fit into any form of body armour.
Your large and strong wings let you fly indefinitely.
You are resistant to electric shocks. (rElec)
You are cold-blooded and may be slowed by cold attacks.
Your life essence is reduced. (-10% HP)
Your muscles are very strong. (Str +4)


Message History

The arrow hits you!!
You see here 6 arrows.
You feel sick.
The naga sharpshooter spits poison at you.
The splash of poison misses you.
The naga sharpshooter shoots a bolt.
The bolt hits you!
You feel yourself slow down. The bolt freezes you.
The naga sharpshooter gestures wildly while chanting.
The naga sharpshooter magically shoots an arrow.
The arrow hits you!
* * * LOW HITPOINT WARNING * * *
Things that are here:
2 arrows; a bolt You feel sick.
The naga sharpshooter casts a spell.
The naga sharpshooter magically shoots an arrow.
You reflect the arrow off an invisible shield around you!
The naga sharpshooter shoots a bolt.
The bolt hits you!!
* * * LOW HITPOINT WARNING * * *
The bolt freezes you!
You die...

#.............. #......#'#####.
#......#.....## #......#...#...
#......#..... # #......#......
#......#....... . #......#....(..
....N. #......#.#.....
..##..N############......######
.....N.(.N.N((.(@..<..........###
.........NN(.........)...........
........#........................
. ....##........)................
# ### ###..........).....##.....
# ##.............######... #
##............## ##... #
#.............####.... #
#..........(...##).... #
#..............)...... #
#...........(.........


You could see 2 naga sharpshooters and 2 nagas.

Vanquished Creatures
  A tentacled monstrosity (Swamp:1)
  An acid blob (Lair:5)
  The ghost of IjonTichy1 the Severer, an adept TrMo of Okawaru (Snake:4)
  3 thorn hunters
  An azure jelly (Slime:1)
  Roxanne (Swamp:3)
  3 nagarajas
  A very ugly thing (Swamp:1)
  An ettin (Orc:1)
  Snorg (Lair:6)
  A fire dragon (Lair:6)
  An ogre mage (D:15)
  Fannar (Lair:2)
  A vault guard (D:13)
  6 anacondas
  18 hydras
  3 catoblepae
  5 centaur warriors
  10 naga warriors
  A ghost crab (Swamp:4)
  9 alligators
  A death knight (D:14)
  10 two-headed ogres
  A tengu warrior (D:15)
  The ghost of Malak the Cleaver, a novice MiFi of Okawaru (D:9)
  2 spriggan berserkers (Swamp:4)
  9 naga sharpshooters
  2 orc high priests (Orc:2)
  3 shock serpents
  Sonja (D:11)
  4 spriggans (Swamp:2)
  2 skeletal warriors (D:15)
  A salamander mystic (Snake:4)
  4 spriggan druids
  2 sea snakes (Snake:2)
  2 naga ritualists (Snake:1)
  2 flayed ghosts
  Pikel (D:8)
  8 swamp dragons
  2 shambling mangroves
  3 wizards
  5 orc knights
  2 lindwurms (Lair:6)
  3 necromancers
  8 deep elf magi
  7 orc sorcerers
  4 mana vipers
  A frost giant zombie (D:15)
  10 ugly things
  3 cyclopes
  3 manticores
  9 elephants (Lair:6)
  7 salamanders
  35 black mambas
  21 naga magi
  7 centaur skeletons
  A spriggan skeleton (D:15)
  5 torpor snails (Lair:6)
  2 guardian serpents
  19 spiny frogs
  4 kobold demonologists
  3 gargoyles
  6 rime drakes
  8 komodo dragons
  3 tengu conjurers (D:15)
  A yaktaur skeleton (D:15)
  12 hornets
  3 meliai (D:15)
  8 tyrant leeches
  2 polar bears
  3 trolls
  Prince Ribbit (D:8)
  Grinder (D:3)
  24 slime creatures
  14 blink frogs
  10 hippogriffs
  5 bog bodies
  6 dream sheep (Lair:2)
  A meliai zombie (D:15)
  Sigmund (D:2)
  6 wraiths
  5 shadows
  A water elemental (D:15)
  An ettin skeleton (D:15)
  57 yaks
  5 wyverns
  20 humans (D:13)
  5 basilisks
  A fire bat (D:12)
  2 hungry ghosts
  A steam dragon (D:11)
  15 swamp worms
  18 vampire mosquitoes
  3 wargs (Orc:1)
  4 insubstantial wisps (Swamp:1)
  2 soldier ants
  15 water moccasins
  An acid dragon (D:11)
  42 nagas
  13 porcupines
  12 swamp drakes
  36 orc warriors
  2 ice beasts
  A sky beast (D:6)
  3 black bears
  2 phantoms
  3 eyes of draining
  A necrophage (D:14)
  10 ogres
  4 boggarts
  24 centaurs
  17 wolves
  A crocodile (shapeshifter) (D:14)
  13 crocodiles
  3 big kobolds
  14 bullfrogs
  A wyvern skeleton (D:14)
  3 scorpions
  5 wights
  6 electric eels
  5 howler monkeys
  A hexer (Bailey)
  4 crimson imps
  A quasit (D:15)
  A jelly (D:7)
  4 hounds
  2 bullfrog skeletons
  18 orc priests
  Jessica (D:3)
  6 iguanas
  29 orc wizards
  6 worker ants
  A howler monkey zombie (D:5)
  2 worker ant zombies
  An ancestor (D:7)
  A howler monkey skeleton (D:11)
  15 adders
  7 gnolls
  An ooze (D:2)
  An adder skeleton (D:4)
  4 worms
  2 dart slugs
  6 leopard geckos
  92 orcs
  2 ball pythons
  4 giant cockroaches
  12 goblins
  11 hobgoblins
  15 jackals
  3 quokkas
  17 bats
  2 frilled lizards (D:3)
  25 kobolds
  7 rats
  3 briar patches (Swamp:4)
  4 demonic plants (D:14)
  A fungus (D:10)
  2 plants
1096 creatures vanquished.

Vanquished Creatures (collateral kills)
  Rupert (Lair:3)
  A nagaraja (Snake:3)
  An orc warlord (Orc:2)
  A naga warrior (Snake:1)
  2 hydras
  2 anacondas
  A two-headed ogre (D:8)
  An alligator (Swamp:4)
  A naga sharpshooter (Snake:3)
  An orc high priest (Orc:2)
  A spriggan (Swamp:3)
  A swamp dragon (Swamp:4)
  A lindwurm (Lair:6)
  A shambling mangrove (Swamp:3)
  An orc knight (Orc:2)
  An ugly thing (D:15)
  A wolf spider (Lair:6)
  A necromancer (D:13)
  An orc sorcerer (Orc:2)
  A cyclops (D:11)
  A salamander (Snake:4)
  A centaur zombie (D:11)
  A naga mage (Snake:4)
  2 black mambas
  2 centaur skeletons (D:10)
  A komodo dragon (shapeshifter) (D:15)
  2 spiny frogs
  3 komodo dragons
  An efreet (D:14)
  A tyrant leech (Swamp:1)
  2 hornets
  2 blink frogs
  3 slime creatures
  A hippogriff (Lair:1)
  A shadow (D:15)
  3 wyverns
  8 yaks
  A basilisk (D:15)
  3 swamp worms
  5 vampire mosquitoes
  2 wargs
  A water moccasin (Lair:5)
  4 nagas
  A swamp drake (Swamp:1)
  A porcupine (Lair:3)
  2 sky beasts (D:7)
  10 orc warriors
  3 ogres
  2 centaurs
  A crocodile (Lair:2)
  2 bullfrogs (D:7)
  A howler monkey (D:14)
  2 electric eels (Bailey)
  A hound (D:10)
  A jelly (D:8)
  4 orc priests (Orc:2)
  4 orc wizards
  A worker ant (D:12)
  A gnoll (Orc:1)
  17 orcs
  A bat (D:12)
  2 hobgoblins (Bailey)
  4 jackals
  A kobold (D:12)
  A demonic plant (D:14)
  A fungus (Lair:2)
  A plant (D:14)
138 creatures vanquished.

Vanquished Creatures (others)
  A naga sharpshooter (Snake:2)
  An ugly thing (Swamp:2)
  A centaur skeleton (D:14)
  A hungry ghost (D:8)
  An ancestor (D:8)
  29 hexers
  A hound zombie (D:8)
  3 briar patches (Swamp:3)
  5 bushes (Lair:3)
  2 demonic plants (D:14)
  14 fungi
  21 plants
  2 withered plants (D:15)
82 creatures vanquished.

Grand Total: 1316 creatures vanquished

Notes
Turn   | Place    | Note
-------+----------+-------------------------------------------
     0 | D:1      | bli the Draconian Wanderer began the quest for the Orb.
     0 | D:1      | bli set off with: a +2 quarterstaff, a potion of curing, the Catalogue of Dislocation, a bread ration
     0 | D:1      | Reached XP level 1. HP: 16/16 MP: 4/4
    53 | D:1      | Reached XP level 2. HP: 12/23 MP: 6/6
   195 | D:1      | Identified the Catalogue of Dislocation
   197 | D:1      | Learned a level 1 spell: Apportation
   602 | D:1      | Reached skill level 2 in Fighting
   975 | D:2      | Reached XP level 3. HP: 27/29 MP: 7/7
  1132 | D:2      | Noticed Sigmund
  1162 | D:2      | Killed Sigmund
  1162 | D:2      | Reached skill level 3 in Fighting
  1162 | D:2      | Reached skill level 1 in Maces & Flails
  1162 | D:2      | Reached skill level 1 in Stealth
  1162 | D:2      | Reached XP level 4. HP: 3/38 MP: 8/8
  1162 | D:2      | Reached XP level 5. HP: 3/45 MP: 9/9
  1707 | D:3      | Noticed Grinder
  1709 | D:3      | Paralysed by Grinder for 2 turns
  1848 | D:3      | Reached XP level 6. HP: 41/51 MP: 10/10
  1902 | D:3      | Killed Grinder
  1902 | D:3      | Reached skill level 1 in Translocations
  1979 | D:3      | Noticed Jessica
  1984 | D:3      | Killed Jessica
  1984 | D:3      | Reached skill level 4 in Fighting
  1986 | D:3      | Your scales start taking on a glossy black colour.
  1986 | D:3      | Reached XP level 7. HP: 59/59 MP: 11/11
  1986 | D:3      | Gained mutation: You are resistant to electric shocks. (rElec) [Black Draconian growth]
  2248 | D:3      | Found a basalt altar of Yredelemnul.
  2251 | D:3      | Found a white marble altar of Elyvilon.
  2254 | D:3      | Found a shattered altar of Ashenzari.
  2257 | D:3      | Found a sparkling altar of Nemelex Xobeh.
  2570 | D:3      | Noticed a moth of wrath
  2572 | D:3      | Found a bloodstained altar of Trog.
  3386 | D:5      | Entered Level 5 of the Dungeon
  3829 | D:5      | Found Wiahaeqi's Assorted Antiques.
  3830 | D:5      | You fall through a shaft for 2 floors!
  3830 | D:7      | Found a staircase to the Ecumenical Temple.
  3838 | D:7      | Reached skill level 5 in Fighting
  3858 | Temple   | Entered the Ecumenical Temple
  4123 | Temple   | Became a worshipper of Hepliaklqana the Forgotten
  4233 | D:7      | Reached XP level 8. HP: 56/61 MP: 12/12
  4337 | D:7      | Reached skill level 5 in Maces & Flails
  4689 | D:7      | Reached skill level 6 in Fighting
  4689 | D:7      | Reached skill level 5 in Stealth
  4898 | D:7      | Reached * piety under Hepliaklqana
  5182 | D:5      | Bought a runed morningstar for 175 gold pieces
  5255 | D:5      | Found a faded altar of an unknown god.
  5255 | D:5      | Found a faded altar of an unknown god.
  5260 | D:5      | Found a stormy altar of Qazlal.
  5262 | D:5      | Found an opulent altar of Gozag.
  5264 | D:5      | Found a glowing silver altar of Zin.
  5786 | D:6      | Found a shadowy altar of Dithmenos.
  5796 | D:6      | Reached XP level 9. HP: 67/70 MP: 13/13
  5930 | D:6      | Found a sacrificial altar of Ru.
  5993 | D:8      | Noticed a two-headed ogre
  6007 | D:8      | Killed a two-headed ogre
  6007 | D:8      | Reached skill level 7 in Fighting
  6104 | D:8      | Noticed Prince Ribbit
  6113 | D:8      | Noticed Pikel
  6127 | D:8      | Killed Pikel
  6127 | D:8      | Reached skill level 5 in Dodging
  6155 | D:8      | Killed Prince Ribbit
  6249 | D:8      | Found Dufat's General Store.
  6263 | D:8      | Bought a potion of heal wounds for 55 gold pieces
  6264 | D:8      | Gained mutation: You have sharp toenails. [potion of mutation]
  6264 | D:8      | Gained mutation: You are weak. (Str -2) [potion of mutation]
  6264 | D:8      | Gained mutation: You are clumsy. (Dex -2) [potion of mutation]
  6264 | D:8      | Gained mutation: Your spells are a little harder to cast, but a little more powerful. [potion of mutation]
  6340 | D:8      | Reached ** piety under Hepliaklqana
  6341 | D:8      | Remembered your ancestor Cipactli as a hexer
  6453 | D:8      | Found a shimmering altar of Xom.
  6503 | D:8      | Found a snail-covered altar of Cheibriados.
  6704 | D:9      | Noticed Malak's ghost (novice MiFi)
  6742 | D:9      | Reached XP level 10. HP: 77/79 MP: 14/14
  6746 | D:9      | Noticed a two-headed ogre
  6759 | D:9      | Killed a two-headed ogre
  6759 | D:9      | Reached skill level 8 in Fighting
  6887 | D:9      | Got a smoking mace
  6896 | D:9      | Identified the +7 mace "Ylomem" {drain, *Noise rElec Dex+4} (You found it on level 9 of the Dungeon)
  6989 | D:9      | Reached skill level 5 in Shields
  7752 | D:9      | Killed Malak's ghost
  7899 | D:10     | Entered Level 10 of the Dungeon
  8000 | D:10     | Reached skill level 9 in Fighting
  8006 | D:10     | Found a staircase to the Orcish Mines.
  8029 | D:10     | Lost mutation: Your spells are a little harder to cast, but a little more powerful. [potion of mutation]
  8029 | D:10     | Lost mutation: You are clumsy. (Dex -2) [potion of mutation]
  8029 | D:10     | Lost mutation: You have sharp toenails. [potion of mutation]
  8029 | D:10     | Lost mutation: You are weak. (Str -2) [potion of mutation]
  8029 | D:10     | Gained mutation: Your spells are a little easier to cast, but a little less powerful. [potion of mutation]
  8029 | D:10     | Gained mutation: Scrolls take you a little longer to read. [potion of mutation]
  8029 | D:10     | Gained mutation: You have sharp toenails. [potion of mutation]
  8091 | D:10     | Found Qanefiotra's Magic Scroll Shoppe.
  8093 | D:10     | Reached *** piety under Hepliaklqana
  8113 | D:10     | Bought a scroll of identify for 24 gold pieces
  8113 | D:10     | Bought a scroll of identify for 24 gold pieces
  8113 | D:10     | Bought a scroll of identify for 24 gold pieces
  8162 | D:10     | Found a portal to a secret trove of treasure.
  8314 | D:10     | Noticed a two-headed ogre
  8332 | D:10     | Killed a two-headed ogre
  8332 | D:10     | Reached XP level 11. HP: 64/87 MP: 15/15
  8459 | D:10     | Found a staircase to the Lair.
  8566 | Orc:1    | Entered Level 1 of the Orcish Mines
  8566 | Orc:1    | Noticed an orc sorcerer
  8571 | Orc:1    | Noticed an orc knight
  8574 | Orc:1    | Noticed a sun demon
  8576 | D:10     | Killed an orc sorcerer
  8616 | Lair:1   | Entered Level 1 of the Lair of Beasts
  9052 | Lair:1   | Reached skill level 10 in Fighting
  9106 | Lair:1   | You fall through a shaft!
  9340 | Lair:2   | Reached skill level 10 in Maces & Flails
  9345 | Lair:2   | Noticed Fannar
  9874 | Lair:2   | Found a staircase to the Snake Pit.
 10075 | Lair:2   | Killed Fannar
 10105 | Lair:2   | Learned a level 2 spell: Shroud of Golubria
 10108 | Lair:2   | Learned a level 2 spell: Song of Slaying
 10204 | D:11     | Found a flagged portal.
 10260 | Bailey   | Entered a bailey
 10317 | Bailey   | Noticed an orc sorcerer
 10331 | Bailey   | Killed an orc sorcerer
 10331 | Bailey   | Reached XP level 12. HP: 97/97 MP: 16/16
 10413 | Bailey   | Found an iron altar of Okawaru.
 10887 | D:11     | Reached skill level 11 in Fighting
 10929 | D:11     | Reached **** piety under Hepliaklqana
 11231 | D:11     | Noticed a two-headed ogre
 11239 | D:11     | Killed a two-headed ogre
 11372 | D:11     | Noticed Sonja
 11378 | D:11     | Killed Sonja
 11589 | Lair:1   | Learned a level 3 spell: Gell's Gravitas
 12692 | Lair:3   | Reached skill level 1 in Charms
 12787 | Lair:3   | Found a staircase to the Swamp.
 12800 | Lair:3   | Noticed Rupert
 12911 | Lair:3   | Reached XP level 13. HP: 91/105 MP: 17/17
 12998 | Lair:3   | Reached ***** piety under Hepliaklqana
 13169 | Lair:1   | Lost mutation: Your spells are a little easier to cast, but a little less powerful. [potion of mutation]
 13169 | Lair:1   | Lost mutation: Scrolls take you a little longer to read. [potion of mutation]
 13169 | Lair:1   | Lost mutation: You have sharp toenails. [potion of mutation]
 13169 | Lair:1   | Gained mutation: Your muscles are strong. (Str +2) [potion of mutation]
 13169 | Lair:1   | Gained mutation: Your muscles are very strong. (Str +4) [potion of mutation]
 13346 | Orc:1    | Reached skill level 12 in Fighting
 13642 | Orc:2    | Entered Level 2 of the Orcish Mines
 15054 | D:12     | Found a burning altar of Makhleb.
 15138 | D:12     | Reached skill level 10 in Shields
 15164 | D:12     | Found a runed door.
 15192 | D:12     | Found a radiant altar of Vehumet.
 15213 | D:12     | Found a bloodstained altar of Trog.
 15220 | D:12     | Found a sacrificial altar of Ru.
 15277 | D:12     | Found a basalt altar of Yredelemnul.
 15296 | D:12     | Found an ancient bone altar of Kikubaaqudgha.
 16198 | D:13     | Found a shadowy altar of Dithmenos.
 16802 | D:13     | Reached skill level 10 in Dodging
 16802 | D:13     | Gained mutation: Your large and strong wings let you fly indefinitely. [Black Draconian growth]
 16802 | D:13     | Reached XP level 14. HP: 110/114 MP: 18/18
 17031 | D:13     | Found a gate to the Vaults.
 17208 | D:13     | You fall through a shaft!
 17208 | D:14     | Found a corrupted altar of Lugonu.
 17418 | D:14     | Found an ancient bone altar of Kikubaaqudgha.
 17531 | D:14     | Reached skill level 13 in Fighting
 18399 | D:14     | Found Uca Lufa's Jewellery Boutique.
 18479 | D:15     | Entered Level 15 of the Dungeon
 19674 | D:15     | Found a staircase to the Depths.
 20341 | D:15     | Paralysed by an ogre mage for 6 turns
 20636 | Snake:1  | Entered Level 1 of the Snake Pit
 20662 | Snake:1  | Reached XP level 15. HP: 123/123 MP: 20/20
 21081 | Lair:3   | Reached ****** piety under Hepliaklqana
 21490 | Orc:2    | Noticed an orc warlord
 21501 | Orc:2    | Killed an orc warlord
 21656 | Orc:2    | Paralysed by an orc sorcerer for 5 turns
 22369 | Lair:3   | Killed Rupert
 22625 | D:14     | Bought the ring of Neurosis {rC+ Str+2 Dex+4 Slay+5} for 1953 gold pieces
 22944 | Orc:2    | Found a staircase to the Elven Halls.
 23381 | Orc:2    | Found Othrunwur's Antique Armour Emporium.
 23381 | Orc:2    | Found Ymuclock's Antique Weapon Emporium.
 23382 | Orc:2    | Found Kenkokk's General Store.
 23382 | Orc:2    | Found Zyn Jira's Jewellery Shoppe.
 23397 | Orc:2    | Bought an ichor-stained buckler for 313 gold pieces
 23407 | Orc:2    | Identified the cursed +0 buckler of Migiop {+Blink rC- rN+ Regen+} (You bought it in a shop on level 2 of the Orcish Mines)
 23630 | Orc:2    | Found a deep blue altar of Sif Muna.
 23641 | Orc:2    | Identified Sif Muna's Collected Works on Black Rites
 24064 | Depths:1 | Entered Level 1 of the Depths
 24401 | Snake:1  | Reached skill level 14 in Fighting
 25016 | Snake:1  | Got an iridescent glaive
 25070 | Snake:1  | Reached skill level 10 in Stealth
 25309 | Lair:3   | Identified the cursed +2 glaive "Diluf" {speed, rPois} (You found it on level 1 of the Snake Pit)
 25635 | Swamp:1  | Entered Level 1 of the Swamp
 25878 | Swamp:1  | Noticed a thorn hunter
 25891 | Swamp:1  | Killed a thorn hunter
 26576 | Swamp:1  | Found a runed door.
 26576 | Swamp:1  | Noticed a tentacled monstrosity
 26630 | Swamp:1  | Killed a tentacled monstrosity
 26630 | Swamp:1  | Reached skill level 5 in Staves
 27136 | Swamp:1  | Reached XP level 16. HP: 120/132 MP: 20/22
 28650 | Swamp:3  | Noticed a thorn hunter
 28669 | Swamp:3  | Killed a thorn hunter
 28669 | Swamp:3  | Reached skill level 15 in Fighting
 29028 | Swamp:3  | Noticed Roxanne
 29061 | Swamp:3  | Killed Roxanne
 29062 | Swamp:3  | Identified Roxanne's Grimoire of Shape Shifting (You took it off Roxanne on level 3 of the Swamp)
 30239 | Lair:5   | Found a runed door.
 30240 | Lair:5   | Found a viscous altar of Jiyva.
 30240 | Lair:5   | Noticed an acid blob
 30242 | Lair:5   | Found a staircase to the Slime Pits.
 30470 | Lair:5   | You are sucked into a shaft!
 30470 | Lair:6   | Entered Level 6 of the Lair of Beasts
 31098 | Lair:6   | Noticed Snorg
 31120 | Lair:6   | Killed Snorg
 31507 | Lair:6   | Found a runed door.
 31577 | Lair:6   | Paralysed by a hornet for 2 turns
 32254 | Lair:5   | Killed an acid blob
 32284 | Slime:1  | Entered Level 1 of the Pits of Slime
 32692 | Slime:1  | Reached XP level 17. HP: 142/142 MP: 24/24
 33690 | Lair:6   | Reached skill level 16 in Fighting
 34349 | Swamp:4  | Entered Level 4 of the Swamp
 35327 | Swamp:4  | Got a decaying rune of Zot
 35641 | Swamp:4  | Reached skill level 15 in Maces & Flails
 36175 | Snake:2  | Reached skill level 5 in Spellcasting
 36611 | Snake:2  | Got a dazzling hand crossbow
 37438 | Snake:3  | Found Ateim's Antique Armour Emporium.
 37574 | Snake:3  | Found Zecovoz's Antique Armour Emporium.
 37625 | Snake:3  | Bought a runed hat for 259 gold pieces
 37740 | Snake:3  | Found Utijut's Antique Weapon Boutique.
 37765 | Snake:3  | Reached XP level 18. HP: 115/151 MP: 26/26
 38122 | Lair:1   | Identified the cursed +1 hand crossbow "Sutiniot" {elec, rElec Str+2 SInv} (You found it on level 2 of the Snake Pit)
 38399 | Snake:3  | Found Pann's Armour Shop.
 38602 | Snake:4  | Entered Level 4 of the Snake Pit
 38952 | Snake:4  | Reached skill level 17 in Fighting
 39804 | Elf:1    | Entered Level 1 of the Elven Halls
 40165 | Vaults:1 | Entered Level 1 of the Vaults
 40356 | D:15     | Reached skill level 15 in Dodging
 40756 | Snake:4  | Noticed IjonTichy1's ghost (adept TrMo)
 40780 | Snake:4  | Killed IjonTichy1's ghost
 41276 | Snake:4  | Shot with a bolt by a naga sharpshooter

Skill      XL: |  1  2  3  4  5  6  7  8  9 10 11 12 13 14 15 16 17 18 |
---------------+-------------------------------------------------------+-----
Fighting       | 2 3 4 5 6 7 9 10 11 12 13 14 15 16 17 | 17.3
Maces & Flails | 1 2 3 4 6 7 8 10 11 12 13 14 15 | 15.6
Staves         | 4 5 |  5.1
Stealth        | 1 2 3 5 6 8 10 11 12 | 12.9
Dodging        | 2 3 5 7 8 9 10 11 12 13 14 15 | 15.0
Translocations | 1 2 3 4 |  4.0
Shields        | 4 6 7 9 10 11 | 11.0
Charms         | 1 3 4 |  4.0
Evocations     | 2 3 |  3.8
Spellcasting   | 4 5 |  5.6

Action                   |  1- 3 |  4- 6 |  7- 9 | 10-12 | 13-15 | 16-18 || total
-------------------------+-------+-------+-------+-------+-------+-------++-------
Melee: Quarterstaff      |    70 |       |       |       |       |       ||    70
       Tailslap          |    13 |     9 |    47 |   156 |   409 |   445 ||  1079
       Whip              |    36 |    72 |   328 |    74 |       |       ||   510
       Morningstar       |       |       |    10 |       |       |       ||    10
       Kick              |       |       |     8 |   322 |    12 |       ||   342
       Mace              |       |       |       |   743 |  1476 |  1328 ||  3547
       Flail             |       |       |       |       |   134 |       ||   134
       Dire flail        |       |       |       |       |   102 |     7 ||   109
       Glaive            |       |       |       |       |     9 |    56 ||    65
       Staff             |       |       |       |       |       |    20 ||    20
       Eveningstar       |       |       |       |       |       |   163 ||   163
Throw: Javelin           |       |       |    14 |     4 |       |       ||    18
       Stone             |       |       |     3 |       |       |       ||     3
 Cast: Apportation       |     6 |     1 |    10 |     3 |    23 |    28 ||    71
       Shroud of Golubri |       |       |       |       |    17 |    25 ||    42
       Song of Slaying   |       |       |       |       |     2 |     3 ||     5
Invok: Ancestor Life: He |       |       |     1 |       |       |       ||     1
       Recall Ancestor   |       |       |       |       |     1 |     3 ||     4
       Transference      |       |       |       |       |       |     1 ||     1
 Abil: Breathe Lightning |       |       |     4 |     2 |     4 |     6 ||    16
       Fly               |       |       |       |       |     1 |       ||     1
       Evoke Blink       |       |       |       |       |       |     3 ||     3
Evoke: Wand              |       |       |       |     4 |    17 |    18 ||    39
       Lightning rod     |       |       |       |     2 |       |    10 ||    12
       Phial of floods   |       |       |       |       |     1 |     2 ||     3
       Box of beasts     |       |       |       |       |       |     1 ||     1
  Use: Potion            |       |     1 |     1 |     2 |     3 |    13 ||    20
       Scroll            |       |       |     5 |    21 |    16 |    12 ||    54
 Stab: Sleeping          |     4 |     4 |    14 |     8 |    17 |    19 ||    66
       Distracted        |       |       |     5 |    14 |    30 |    35 ||    84
       Confused          |       |       |       |    12 |    41 |    19 ||    72
       Paralysed         |       |       |       |       |    33 |    48 ||    81
  Eat: Chunk             |     1 |     3 |    15 |    22 |    26 |    14 ||    81
       Fruit             |       |       |       |       |     7 |       ||     7
       Bread ration      |       |       |       |       |     4 |     1 ||     5
       Royal jelly       |       |       |       |       |     2 |     3 ||     5
       Meat ration       |       |       |       |       |       |     5 ||     5
Armor: Skin              |    33 |    13 |    45 |    91 |   192 |   243 ||   617
Dodge: Dodged            |    77 |    42 |   120 |   468 |   907 |  1268 ||  2882
Block: Shield            |       |       |    38 |   272 |       |       ||   310
       Buckler           |       |       |       |    97 |   633 |   803 ||  1533
       Reflection        |       |       |       |       |     5 |    46 ||    51
       Other             |       |       |       |       |     5 |     3 ||     8
